 Dungeon Crawl Stone Soup version 0.30-a0-223-gcb0039aa0c (webtiles) character file.

Game seed: 9848752289944058349

43 qw the Chopper (level 3, 0/23 HPs)
             Began as a Gargoyle Fighter on Oct 9, 2022.
             Slain by an orc
             ... wielding a +0 dagger
              (3 damage)
             ... on level 2 of the Dungeon.
             The game lasted 00:00:40 (1536 turns).

qw the Chopper (Gargoyle Fighter)                   Turns: 1536, Time: 00:00:41

Health: 0/23       AC: 13    Str: 21    XL:     3   Next: 58%
Magic:  3/3        EV:  7    Int:  8    God:
Gold:   42         SH:  4    Dex:  9    Spells: 2/2 levels left

rFire   + . .      SeeInvis .    Y - +0 war axe
rCold   . . .      Faith    .    c - +0 buckler
rNeg    + . .      Spirit   .    e - +0 chain mail
rPois   inf        Reflect  .    (no helmet)
rElec   +          Harm     .    (no cloak)
rCorr   .          Rampage  .    l - +0 pair of gloves
Will    .....                    (no boots)
Stlth   ..........               (no amulet)
HPRegen 0.23/turn                m - ring of protection from fire
MPRegen 0.08/turn                (no ring)

@: no status effects
A: sickness immunity, AC +3, negative energy resistance 1, electricity
resistance, torment resistance 1, petrification resistance
a: no special abilities


You were on level 2 of the Dungeon.
You visited 1 branch of the dungeon, and saw 3 of its levels.

You collected 91 gold pieces.
You spent 49 gold pieces at shops.


Innate Abilities, Weirdness & Mutations

You are immune to sickness and miasma.
Your stone body is resilient. (AC +3)
You are immune to poison.
You resist negative energy. (rN+)
You are resistant to electric shocks. (rElec)
You are resistant to unholy torment.
You are immune to petrification.


   Skills:
 - Level 3.2 Fighting
 + Level 3.5 Axes
 - Level 3.2 Armour
 - Level 3.2 Shields


You had 2 spell levels left.
You didn't know any spells.
Your spell library was empty.

Inventory:

Hand Weapons
 f - a +0 whip
 Y - a +0 war axe (weapon)
Armour
 c - a +0 buckler (worn)
 e - a +0 chain mail (worn)
 l - a +0 pair of gloves (worn)
Jewellery
 m - a ring of protection from fire (left hand)
Scrolls
 a - 2 scrolls of identify
Potions
 d - a potion of might
 h - a potion of lignification
 i - a potion of curing

Dungeon Overview and Level Annotations

Branches:
Dungeon (3/15)

Altars:

Shops:
D:2 [


Message History

You miss the bat. The bat hits you but does no damage.
An orc wizard comes into view. It is wielding a +0 dagger.
You miss the bat.
The bat barely misses you. x2; The teleport trap disappears.
The orc disappears!
The orc reappears nearby!
An orc comes into view. It is wielding a +0 club.
1529 ||| STAIRDANCE The orc shouts!
The bat barely misses you. The orc barely misses you.
The orc wizard casts a spell at you.
The magic dart hits you but does no damage.
The bat hits you but does no damage.
The orc shouts!
You climb upwards.
There is a stone staircase leading down here.
You slash the orc!
You kill the orc!
Done exploring.
(D) Dungeon
Where to? (* - list waypoints, Enter - D:3, ? - help)
What level of the Dungeon? (default 1, ? - help)
You climb downwards.
The bat barely misses you. The orc hits you with a +0 war axe.
The orc hits you but does no damage. x2
The orc barely misses you. The orc hits you with a +0 war axe.
The orc hits you with a +0 dagger.
There is a stone staircase leading up here.
1534 ||| STAIRDANCE The bat hits you.
The orc hits you with a +0 war axe! The orc hits you but does no damage.
The orc wizard mumbles some strange words.
The orc wizard flickers and vanishes!
Deactivating autopickup; reactivate with Ctrl-A.
You block the orc's attack. x2
You climb upwards.
Reactivating autopickup.
There is a stone staircase leading down here.
You closely miss the orc. You hit the orc. The orc hits you with a +0 dagger.
You die...

#.#.....## #.##......
#.###..### #.# #..# #.#
#..# ####### #.# #..#
#.....# #.# #..#
#.....############.###..#
#>.....(oo@oo......##...#
#.....#############.....#
#.....# #.#.### ###.###
#.#.# #...# #.#.# ###.#
#.#.# #.#############.#.#
#.).............#.#
#.#.#####.#######.#


You could see 4 orcs.

Vanquished Creatures
  A worm (D:2)
  2 dart slugs (D:1)
  An orc (D:2)
  5 endoplasms
  2 giant cockroaches (D:1)
  4 goblins
  2 hobgoblins
  2 quokkas (D:1)
  2 ball pythons
  3 bats
  4 frilled lizards
  4 kobolds
  3 rats
35 creatures vanquished.

Vanquished Creatures (others)
  A plant (D:1)
1 creature vanquished.

Grand Total: 36 creatures vanquished

Notes
Turn   | Place    | Note
-------+----------+-------------------------------------------
     0 | D:1      | qw the Gargoyle Fighter began the quest for the Orb.
     0 | D:1      | Reached XP level 1. HP: 14/14 MP: 1/1
     0 | D:1      | 0 ||| qw: Version: 0.2-a-17-g06abaee
     0 | D:1      | 0 ||| qw: Game counter: 2228
     0 | D:1      | 0 ||| qw: Always use a shield: true
     0 | D:1      | 0 ||| qw: God list: Okawaru
     0 | D:1      | 0 ||| qw: Allow faded altars: false
     0 | D:1      | 0 ||| qw: Do Orc after D:15 true
     0 | D:1      | 0 ||| qw: Do second Lair branch before Depths: true
     0 | D:1      | 0 ||| qw: Lair rune preference: random
     0 | D:1      | 0 ||| qw: Plans: Normal, Zot:1-4, God:TSO, Crypt, Tomb,
                  | Pan, Slime:5, Hells, Abyss, Orb
     0 | D:1      | 0 ||| PLANNING D:1-11
    72 | D:1      | 72 ||| Stepping ~*~*~tactically~*~*~ (hiding).
   101 | D:1      | 101 ||| Stepping ~*~*~tactically~*~*~ (stealth).
   103 | D:1      | Reached XP level 2. HP: 19/19 MP: 2/2
   271 | D:1      | 271 ||| Stepping ~*~*~tactically~*~*~ (stealth).
   272 | D:1      | 272 ||| Stepping ~*~*~tactically~*~*~ (stealth).
   309 | D:1      | Reached skill level 3 in Axes
   449 | D:1      | Found a faded altar of an unknown god.
   571 | D:1      | 571 ||| UPGRADING to +0 pair of gloves.
   576 | D:1      | 576 ||| UPGRADING to ring of protection from fire.
   577 | D:1      | 577 ||| READING 2 scrolls labelled FOEKUI ULUZU BEOV.
   578 | D:1      | 578 ||| READING 3 scrolls labelled TINAMI LUSE.
   579 | D:1      | 579 ||| READING scroll labelled YHESAUM RIOPO.
   580 | D:1      | 580 ||| READING scroll labelled WAROPAXT TULA.
   681 | D:1      | 681 ||| DRINKING 2 golden potions.
   682 | D:1      | 682 ||| DROPPING 2 scrolls of vulnerability.
   683 | D:1      | 683 ||| DROPPING potion of flight.
   705 | D:2      | Reached XP level 3. HP: 23/23 MP: 3/3
   841 | D:2      | Found Kithuu's Armour Shop.
   848 | D:2      | 848 ||| BUYING +0 chain mail (49 gold).
   848 | D:2      | Bought a +0 chain mail for 49 gold pieces
   848 | D:2      | 848 ||| SHOPLISTING +0 cloak (49 gold, have 30).
   848 | D:2      | 848 ||| SHOPLISTING +1 chain mail of willpower (181 gold,
                  | have 30).
   848 | D:2      | 848 ||| SHOPLISTING +2 pair of gloves of stealth (236 gold,
                  | have 30).
   927 | D:2      | 927 ||| DROPPING +0 club.
   946 | D:2      | 946 ||| Stepping ~*~*~tactically~*~*~ (stealth).
   981 | D:2      | 981 ||| Stepping ~*~*~tactically~*~*~ (hiding).
  1463 | D:2      | 1463 ||| UPGRADING to +0 chain mail.
  1473 | D:2      | 1473 ||| DROPPING +0 scale mail.
  1474 | D:2      | 1474 ||| READING scroll labelled LAGUNOU MAXYPP.
  1475 | D:2      | 1475 ||| READING scroll labelled AMORES HETONU.
  1478 | D:2      | 1478 ||| READING 2 scrolls labelled HAFIPLOCIA.
  1479 | D:2      | 1479 ||| DRINKING 2 viscous grey potions.
  1480 | D:2      | 1480 ||| READING 3 scrolls of identify.
  1480 | D:2      | 1480 ||| IDENTIFYING murky red potion
  1481 | D:2      | 1481 ||| DROPPING scroll of butterflies.
  1529 | D:3      | 1529 ||| STAIRDANCE
  1534 | D:3      | 1534 ||| STAIRDANCE
  1534 | D:3      | HP: 2/23 [orc/+0 war axe (7)]
  1536 | D:2      | Slain by an orc

Levels and vault maps discovered:
D:1:      spicycebolla_arrival_clurvy, layout_basic,
          dreamdust_ecumenical_altar_hidden_monk_grotto
D:2:      layout_loops_ring, serial_shops, shop, grunt_decor_cap,
          minmay_bisected
D:3:      layout_rooms, gammafunk_ghost_arena, dk_noncrumbling_2, uniq_terence,
          uniq_sigmund

Skill      XL: |  1  2 |
---------------+-------+-----
Axes           | 2 3 |  3.5
Fighting       | |  3.2
Armour         | |  3.2
Shields        | |  3.2

Action                   || total
-------------------------++-------
Melee: War axe           ||    97
  Use: Scroll            ||     8
       Potion            ||     2
Armor: Scale mail        ||    44
       Chain mail        ||     7
Dodge: Dodged            ||    51
Block: Buckler           ||    11

Table legend:
 A = Non-vault XP
 B = Vault XP
 C = Vault XP percentage of total XP
 D = Non-vault monster count
 E = Vault monster count
 F = Vault count percentage of total count
                 A         B        C        D         E       F
            +---------+---------+-------+---------+---------+-------
      Total |      59 |       3 |   4.8 |      33 |       2 |   5.7
            +---------+---------+-------+---------+---------+-------
        D:1 |      32 |       0 |   0.0 |      18 |       0 |   0.0
        D:2 |      27 |       3 |  10.0 |      15 |       2 |  11.8
            +---------+---------+-------+---------+---------+-------
